 Dungeon Crawl Stone Soup version 0.18-a0-1426-g3b9a63c (console) character file.

348 Liam the Magician (level 6, -1/32 HPs)
             Began as a Deep Elf Wizard on Feb 27, 2016.
             Slain by a phantom (6 damage)
             ... on level 4 of the Dungeon.
             The game lasted 00:11:53 (5037 turns).

Liam the Magician (Deep Elf Wizard)                 Turns: 5037, Time: 00:11:53

Health: -1/32      AC:  4    Str:  4    XL:     6   Next: 33%
Magic:  17/17      EV: 13    Int: 31    God:
Gold:   16         SH:  0    Dex: 13    Spells: 6 memorised, 4 levels left

rFire  . . .     SeeInvis .     (no weapon)
rCold  . . .     Gourm    .     a - +0 robe
rNeg   . . .     Faith    .     (no shield)
rPois  .         Spirit   .     b - +1 hat
rElec  .         Dismiss  .     (no cloak)
rCorr  .         Reflect  .     h - +0 pair of gloves
SustAt .         Harm     .     (no boots)
MR     .....                    (no amulet)
Stlth  ++........               (no ring)
                                t - +6 ring of intelligence

@: not resistant to hostile enchantments, unstealthy
A: no striking features
a: no special abilities


You were on level 4 of the Dungeon.
You were hungry.

You visited 1 branch of the dungeon, and saw 5 of its levels.

You collected 109 gold pieces.
You spent 93 gold pieces at shops.

Inventory:

Armour
 a - a +0 robe (worn)
 b - a +1 hat (worn)
 h - a +0 pair of gloves (worn)
Jewellery
 t - a +6 ring of intelligence (left hand)
Scrolls
 e - a scroll of blinking
 j - 2 scrolls of remove curse
 m - 2 scrolls of random uselessness {unknown}
 q - a scroll of recharging {unknown}
 r - a scroll of identify
 s - a scroll of acquirement {unknown}
 u - a scroll of noise {unknown}
Potions
 g - 4 potions of curing
 k - a potion of haste {unknown}
 n - a potion of agility {unknown}
 o - a potion of cancellation {unknown}
 p - a potion of lignification {unknown}
Books
 c - a book of Minor Magic

   Spells                             Type                      Level
   a - Magic Dart                     Conjuration                  1
   b - Blink                          Translocation                2
   c - Call Imp                       Summoning                    2
   d - Repel Missiles                 Charms/Air                   2
   e - Slow                           Hexes                        2
   f - Conjure Flame                  Conjuration/Fire             3
   g - Mephitic Cloud                 Conjuration/Poison/Air       3
Comestibles
 d - 2 bread rations
 f - a meat ration
 i - a slice of pizza
 l - 6 fruits


   Skills:
 - Level 3.1 Dodging
 + Level 3.4 Stealth
 + Level 6.2 Spellcasting
 + Level 2.9 Conjurations
 + Level 2.2 Charms
 + Level 2.3 Summonings
 + Level 2.1 Translocations
 + Level 0.7 Fire Magic
 + Level 1.4 Air Magic
 + Level 1.3 Poison Magic


You had 4 spell levels left.
You knew the following spells:

 Your Spells              Type           Power        Failure   Level  Hunger
a - Magic Dart            Conj           ####         1%          1    None
b - Blink                 Tloc           N/A          3%          2    None
d - Mephitic Cloud        Conj/Pois/Air  ###.....     10%         3    None
e - Conjure Flame         Conj/Fire      ###.....     10%         3    None
i - Call Imp              Summ           ###.....     3%          2    None
m - Repel Missiles        Chrm/Air       ###...       4%          2    None


Dungeon Overview and Level Annotations

Branches:
Dungeon (5/15)
 Temple: D:4-7

Altars:
Fedhas
Qazlal

Shops:
D:4 *

Annotations:
D:4 namelastname112's ghost, amateur DrMo


Message History

A sky beast appears from thin air!
Reactivating autopickup.
The sky beast flickers out of sight!
Deactivating autopickup; reactivate with Ctrl-A.
A sky beast appears from thin air!
Reactivating autopickup.
The sky beast flickers out of sight!
Deactivating autopickup; reactivate with Ctrl-A.
Something hits you but does no damage.
A phantom comes into view.
The phantom hits you.
The phantom blinks!
The phantom misses you. Something hits you. Something shocks you.
You hit the phantom but do no damage. The phantom hits you!
* * * LOW HITPOINT WARNING * * *
Something barely misses you.
The phantom hits you but does no damage.
A sky beast appears from thin air!
Reactivating autopickup.
The phantom hits you.
You die...

#..# #.# #.............. ##.# #.#
#.............. #.#
##'#########..............
###'####..........[.......)######
.......#...................#
.......#...................#
.......#...................#
.......#.........W.........#
####'###........@Y....)....#
###..##...................#
##....###'##################
##.##..##.# ##'##.....#
.....#..#.# .....##.#.#
.....##.#.# .....##...#


You could see a phantom and a sky beast.

Vanquished Creatures
  A hound (D:4)
  An orc wizard (D:3)
  4 worker ants (D:4)
  A hound zombie (D:5)
  3 gnolls (D:4)
  7 adders
  A shadow imp (D:4)
  A worm (D:4)
  4 dart slugs
  3 giant geckos
  2 orcs (D:4)
  3 giant cockroaches
  8 goblins
  9 hobgoblins
  9 kobolds
  2 quokkas (D:3)
  2 ball pythons
  6 bats
  7 giant newts
  5 rats
79 creatures vanquished.

Notes
Turn   | Place    | Note
--------------------------------------------------------------
     0 | D:1      | Liam the Deep Elf Wizard began the quest for the Orb.
     0 | D:1      | Reached XP level 1. HP: 10/10 MP: 7/7
   345 | D:1      | Reached skill level 5 in Spellcasting
   345 | D:1      | Reached XP level 2. HP: 13/15 MP: 3/10
  1062 | D:1      | Lost strength.
  1098 | D:2      | Reached XP level 3. HP: 19/19 MP: 9/11
  1909 | D:2      | Learned a level 2 spell: Blink
  1912 | D:2      | Learned a level 2 spell: Repel Missiles
  1916 | D:2      | Learned a level 3 spell: Conjure Flame
  1920 | D:2      | Learned a level 3 spell: Mephitic Cloud
  1923 | D:2      | Learned a level 2 spell: Call Imp
  2097 | D:3      | Reached XP level 4. HP: 24/24 MP: 6/13
  2770 | D:4      | Reached skill level 6 in Spellcasting
  2777 | D:4      | Noticed namelastname112's ghost (amateur DrMo)
  2835 | D:4      | Found a blossoming altar of Fedhas.
  2849 | D:4      | Reached skill level 1 in Charms
  2849 | D:4      | Reached XP level 5. HP: 28/28 MP: 8/15
  2871 | D:4      | Found a stormy altar of Qazlal.
  2895 | D:4      | Found Laobb's Assorted Antiques.
  2901 | D:4      | Bought a scroll of identify for 48 gold pieces
  2901 | D:4      | Bought a sedimented silvery potion for 21 gold pieces
  2901 | D:4      | Bought a scroll labeled GAORCH JOVO for 24 gold pieces
  3469 | D:4      | Reached skill level 1 in Air Magic
  3575 | D:4      | Reached skill level 1 in Poison Magic
  3761 | D:5      | Entered Level 5 of the Dungeon
  4246 | D:4      | Reached XP level 6. HP: 32/32 MP: 10/17
  4856 | D:5      | Noticed a sky beast
  5037 | D:4      | Slain by a phantom

Vault maps used:
D:1:      dpeg_arrival_water_fire, hangedman_decor_riveting
D:2:      first_bread
D:3:      roderic_lattice_a, kennysheep_generic_room_4
D:4:      grunt_temple_overflow_forces_of_nature, serial_shops,
          nicolae_shop_crystal
D:5:      vehumet_crystals, lemuel_temple_firewalk_marked, uniq_eustachio

Skill      XL: |  1  2  3  4  5  6 |
---------------+-------------------+-----
Spellcasting   | 5 6 |  6.2
Conjurations   | 2 |  2.9
Dodging        | 3 |  3.1
Stealth        | 3 |  3.4
Charms         | 1 2 |  2.2
Air Magic      | 1 |  1.4
Poison Magic   | 1 |  1.3
Summonings     | 2 |  2.3
Translocations | 2 |  2.1
Fire Magic     | |  0.7

Action                   |  1- 3 |  4- 6 || total
-------------------------+-------+-------++-------
Melee: Unarmed           |       |     1 ||     1
 Cast: Magic Dart        |    85 |   168 ||   253
       Conjure Flame     |       |     4 ||     4
       Mephitic Cloud    |       |     1 ||     1
       Blink             |       |     1 ||     1
  Use: Scroll            |     5 |       ||     5
       Potion            |       |     1 ||     1
  Eat: Chunk             |     3 |     9 ||    12
